 Dungeon Crawl Stone Soup version 0.23.2 (webtiles) character file.

Game seed: 6116669247067590996

38 Kairos the Ducker (level 3, -3/27 HPs)
             Began as a Merfolk Skald on Apr 2, 2019.
             Slain by a goblin
             ... wielding a +0 club
             ... led by Robin
              (6 damage)
             ... on level 1 of the Dungeon.
             The game lasted 00:02:20 (1214 turns).

Kairos the Ducker (Merfolk Skald)                   Turns: 1214, Time: 00:02:21

Health: -3/27      AC:  7    Str: 11    XL:     3   Next: 43%
Magic:  6/6        EV: 13    Int: 12    God:
Gold:   46         SH:  0    Dex: 14    Spells: 5/6 levels left

rFire    . . .     SeeInvis +   a - +0 spear
rCold    . . .     Gourm    .   (no shield)
rNeg     . . .     Faith    .   b - +0 leather armour
rPois    .         Spirit   .   j - +2 helmet {SInv}
rElec    .         Reflect  .   (no cloak)
rCorr    .         Harm     .   (no gloves)
MR       +....                  i - +0 pair of boots
Stlth    +.........             (no amulet)
HPRegen  0.09/turn              m - ring of protection from magic
MPRegen  0.10/turn              (no ring)

@: berserk cooldown, slowed, very slow
A: change form in water, swift swim, stealthy swim
a: no special abilities


You were on level 1 of the Dungeon.
You were very hungry.

You visited 1 branch of the dungeon, and saw 2 of its levels.

You collected 46 gold pieces.

Inventory:

Hand Weapons
 a - a +0 spear (weapon)
Armour
 b - a +0 leather armour (worn)
 i - a +0 pair of boots (worn)
 j - a +2 helmet of see invisible (worn)
Jewellery
 m - a ring of protection from magic (left hand)
Potions
 h - a potion of resistance {unknown}
 k - 2 potions of flight
 l - a potion of curing {unknown}
Comestibles
 d - 3 rations


   Skills:
 + Level 2.3 Fighting
 + Level 3.5 Polearms
 + Level 1.0 Armour
 + Level 3.7 Dodging
 + Level 0.6 Stealth
 + Level 2.1 Spellcasting
 + Level 3.5 Charms


You had 5 spell levels left.
You knew the following spells:

 Your Spells              Type           Power        Failure   Level  Hunger
a - Infusion              Chrm           #...         9%          1    ##.....

Your spell library contained the following spells:

 Spells                   Type           Power        Failure   Level  Hunger
 Song of Slaying          Chrm           #.......     12%         2    ###....
 Shroud of Golubria       Chrm/Tloc      #.........   26%         2    ###....
 Regeneration             Chrm/Necr      #.........   45%         3    ####...
 Spectral Weapon          Hex/Chrm       #.......     45%         3    ####...


Dungeon Overview and Level Annotations

Branches:
Dungeon (2/15)

Altars:

Annotations:
D:2 Robin


Message History

The goblin no longer looks unusually strong. x2
The goblin closely misses you. x2; The goblin misses you.
You climb upwards.
There is a stone staircase leading down here.
You hit the goblin.
The goblin is moderately wounded.
The goblin hits you with a +0 club. The goblin misses you.
The goblin hits you with a +0 club.
* * * LOW HITPOINT WARNING * * *
You closely miss the goblin.
The goblin is moderately wounded.
The goblin misses you. The goblin barely misses you.
You hit the goblin.
You kill the goblin!
The goblin hits you with a +0 club.
* * * LOW HITPOINT WARNING * * *
You hit the goblin.
The goblin is moderately wounded.
The goblin hits you but does no damage. The goblin hits you with a +0 club.
You die...

............##.# #...)...#
..........#.##.# #.#####.#
.##########..#(#########.# #.#
##
########.#..##.......#####.#
#........##.##.#####.......#
###.........#.##.#...#.#######
#.........#)#....###.....#
###...#######†#..†....##.#.##
................@.....##.#..#
.............).g......##.##.#
..............#.......##....#
....#.........###############
....#.........#
....#........(#
....#.........#
....#....[....#
....#.........#


You could see a goblin.

Vanquished Creatures
  2 dart slugs (D:1)
  2 ball pythons (D:1)
  9 goblins
  2 hobgoblins (D:1)
  4 kobolds (D:1)
  4 bats (D:1)
  4 frilled lizards
  7 rats (D:1)
34 creatures vanquished.

Notes
Turn   | Place    | Note
-------+----------+-------------------------------------------
     0 | D:1      | Kairos the Merfolk Skald began the quest for the Orb.
     0 | D:1      | Reached XP level 1. HP: 16/16 MP: 3/3
    90 | D:1      | Reached XP level 2. HP: 17/22 MP: 0/5
  1002 | D:1      | Reached XP level 3. HP: 25/27 MP: 2/6
  1010 | D:1      | Reached skill level 1 in Armour
  1194 | D:2      | Noticed Robin
  1214 | D:1      | Slain by a goblin

Skill      XL: |  1  2  3 |
---------------+----------+-----
Dodging        | 3 |  3.7
Armour         | 1 |  1.0
Fighting       | |  2.3
Polearms       | |  3.5
Stealth        | |  0.6
Spellcasting   | |  2.1
Charms         | |  3.5

Action                   || total
-------------------------++-------
Melee: Spear             ||   107
 Cast: Infusion          ||     6
  Use: Scroll            ||     3
       Potion            ||     1
Armor: Leather armour    ||    38
Dodge: Dodged            ||    76
